cohdb
Replays
Latest Replays
All Replays
Popular Replays
Top Player Replays
Match Explorer
How It Works
Community
CoH3 Stats
Reddit
Sign in to upload your games and track your stats! →
Sign in with Steam
Match 45563532
Unlisted
Match 45563532
Overview
Messages
Build Orders
End
Kettenkrad Recon Vehicle
Construct Infanterie Kompanie
MG 42 Machine Gun Team
Selects Mechanized Battlegroup
Grenadier Squad
Grenadier Squad
Construct Luftwaffe Kompanie
Jäger Squad
221 Scout Car
Selects Mobile Repair Stations
221 Scout Car
Selects Raid Package
Luftwaffe Officer Quarters
Jäger Squad
Support Elements
MMMerVVV
Beary bear
mayomeyo
nogadaman
Elegant_Downfall
[§FR§][LLE] Capitaine Sicarius
[PD]Bimbi
pingping
0
0
Comments
sign in to comment!
No comments posted yet!